 Dungeon Crawl Stone Soup version 0.30.0-15-g856e2d3f33 (webtiles) character file.

Game seed: 7770203604793184499

3521 jtron the Magician (level 10, -4/76 HPs)
             Began as a Gnoll Wanderer on May 18, 2023.
             Was a Follower of Vehumet.
             Slain by an ogre
             ... wielding a +0 giant club
              (20 damage)
             ... on level 7 of the Dungeon.
             The game lasted 00:25:32 (6651 turns).

jtron the Magician (Gnoll Wanderer)                 Turns: 6651, Time: 00:25:33

Health: -4/76      AC: 12    Str: 12    XL:     10   Next: 8%
Magic:  8/29       EV: 13    Int: 15    God:    Vehumet [*.....]
Gold:   403        SH:  0    Dex: 12    Spells: 15/23 levels left

rFire   + . .        a - +4 dagger (freeze)
rCold   + . .        (no shield)
rNeg    . . .        j - +1 troll leather armour {Pargi}
rPois   .            y - +0 helmet
rElec   .            r - scarf {rC+ rF+}
rCorr   .            x - +0 pair of gloves
SInv    .            (no boots)
Will    .....        (no amulet)
Stlth   +++          m - +4 ring of protection
HPRegen 1.12/turn    C - ring of magical power
MPRegen 0.21/turn

%: no passive effects
@: lethally poisoned (-4 -> -5)
A: fangs 1, strong nose, distributed training
a: Renounce Religion


You were on level 7 of the Dungeon.
You worshipped Vehumet.
Vehumet was aware of your devotion.
You visited 1 branch of the dungeon, and saw 7 of its levels.

You collected 403 gold pieces.

Inventory:

Hand Weapons
 a - a +4 dagger of freezing (weapon)
 h - a +0 dagger
 i - a +0 club
 D - a +0 sling
 H - a +0 dagger of electrocution
Missiles
 f - 4 atropa-tipped darts
 o - 72 stones
 p - 9 boomerangs
 t - 4 javelins (quivered)
 G - a silver boomerang
 N - a throwing net
Armour
 c - a +0 robe
 d - a +0 cloak
 j - a +1 troll leather armour (worn) {Pargi}
 r - a scarf of resistance (worn)
 x - a +0 pair of gloves (worn)
 y - a +0 helmet (worn)
Jewellery
 m - a +4 ring of protection (left hand)
 z - a ring of ice
 C - a ring of magical power (right hand)
 E - a ring of poison resistance
Wands
 J - a wand of mindburst (14)
 M - a wand of iceblast (8)
Scrolls
 b - a scroll of blinking
 g - a scroll of brand weapon
 n - 2 scrolls of amnesia
 A - a scroll of fear
 F - a scroll of identify
 K - a scroll of summoning {unknown}
 L - a scroll of fog
Potions
 e - 3 potions of ambrosia
 k - 4 potions of curing
 l - 2 potions of attraction
 q - 2 potions of cancellation
 s - 2 potions of flight
 u - 2 potions of mutation
 v - 3 potions of haste
 w - 2 potions of invisibility
 B - 3 potions of heal wounds
 I - a potion of resistance


   Skills:
 + Level 5.8 Fighting
 + Level 5.1 Short Blades
 + Level 5.1 Long Blades
 + Level 5.1 Axes
 + Level 5.1 Maces & Flails
 + Level 5.1 Polearms
 + Level 5.1 Staves
 + Level 5.1 Ranged Weapons
 + Level 5.1 Throwing
 + Level 5.1 Armour
 + Level 5.1 Dodging
 + Level 6.7 Stealth
 + Level 5.1 Shields
 + Level 5.1 Unarmed Combat
 + Level 7.2 Spellcasting
 + Level 4.2 Conjurations
 + Level 4.2 Hexes
 + Level 4.2 Summonings
 + Level 4.2 Necromancy
 + Level 4.2 Translocations
 + Level 4.8 Transmutations
 + Level 7.0 Fire Magic
 + Level 4.2 Ice Magic
 + Level 4.2 Air Magic
 + Level 4.2 Earth Magic
 + Level 4.2 Poison Magic
 + Level 5.6 Invocations
 + Level 5.8 Evocations


You had 15 spell levels left.
You knew the following spells:

 Your Spells              Type           Power      Damage    Failure   Level
a - Foxfire               Conj/Fire      88%        2x1d8     1%          1
b - Scorch                Fire           52%        2d7       1%          2
c - Wereblood             Tmut           19%        N/A       3%          2
d - Passwall              Tmut/Erth      15%        N/A       3%          2
e - Freeze                Ice            72%        1d8       3%          1

Your spell library contained the following spells:

 Spells                   Type           Power      Damage    Failure   Level
 Sublimation of Blood     Necr           18%        N/A       4%          2
 Inner Flame              Hex/Fire       22%        N/A       4%          3
 Gell's Gravitas          Tloc           18%        N/A       9%          3
 Teleport Other           Tloc           18%        N/A       9%          3
 Petrify                  Tmut/Erth      19%        N/A       26%         4
 Irradiate                Conj/Tmut      9%         3d14      56%         5
 Summon Forest            Summ/Tloc      9%         N/A       63%         5
 Summon Mana Viper        Hex/Summ       18%        N/A       63%         5
 Conjure Ball Lightning   Conj/Air       9%         3x3d6     99%         6
 Dispersal                Tloc           9%         N/A       99%         6
 Summon Cactus Giant      Summ           9%         N/A       99%         6
 Discord                  Hex            9%         N/A       100%        8
 Disjunction              Tloc           9%         N/A       100%        8


Dungeon Overview and Level Annotations

Branches:
Dungeon (7/15)
 Temple: D:4-7

Altars:
Ashenzari
Elyvilon
Fedhas
Gozag
Qazlal
Sif Muna
Vehumet

Shops:
D:4 *

Annotations:
D:7 1 runed translucent door, SecretSquirrel's ghost, novice MiHu


Innate Abilities, Weirdness & Mutations

You have very sharp teeth.
Your uncanny sense of smell can sniff out nearby items.
Your experience applies equally to all skills.


Message History

The water moccasin is moderately wounded.
The water moccasin bites you.
You are poisoned.
The water moccasin poisons you!
You miss the water moccasin. Your bite misses the water moccasin.
The water moccasin is moderately wounded.
You feel very sick. The water moccasin bites you.
You are more poisoned.
The water moccasin poisons you!
Aiming: Mindburst
Press: ? - help, Shift-Dir - straight line, f - water moccasin
Aim: a water moccasin (moderately wounded, ally target, chance to affect: 83%)
The water moccasin's mind is blasted!!
You feel very sick. The water moccasin bites you.
The water moccasin barely misses you.
You hit the water moccasin. You freeze the water moccasin.
You kill the water moccasin!
Vehumet accepts your kill.
You feel your power returning.
You feel very sick.
You hit the ogre. You freeze the ogre. You bite the ogre, but do no damage.
The ogre is heavily wounded.
You feel very sick.
The ogre hits you with a +0 giant club!!
* * * LOW HITPOINT WARNING * * *
Your foxfire dissipates!
You feel very sick.
The ogre is no longer more vulnerable to fire.
You feel sick.
Casting: Foxfire (safe; 1% risk of failure)
Confirm with . or Enter, or press ? or * to list all spells.
Flames lash the ogre.
The ogre is severely wounded.
The ogre's fire resistance burns away.
You feel sick.
Casting: Scorch (safe; 1% risk of failure)
Confirm with . or Enter, or press ? or * to list all spells.
You conjure some foxfire!
You feel sick.
The ogre hits you with a +0 giant club!!
You die...

#... ... ... ..# #.. #.#
∆ #.# #.# #.# #.# #.#
##[## ##### ### #.#
#.).###v..###.## #.#
#v#....O@#......# #.#
##.#.###v..PPP.#######.##
##.## #.#PP.PP..........
## #.#PP_...†#####.##
#.#P.PP..## #!##
#...PPP..# #.#.
########## #.#. #...
######.


You could see an ogre (combustible, ally target).

Vanquished Creatures
  Pikel (D:7)
  Joseph (D:7)
  Maggie (D:6)
  Grinder (D:3)
  Menkaure (D:5)
  A steam dragon (D:7)
  A water moccasin (D:7)
  A black bear (D:6)
  Pargi (D:3)
  A sky beast (D:7)
  A centaur (D:7)
  A lemure (D:7)
  2 phantoms (D:5)
  A bullfrog (D:6)
  2 scorpions
  4 wights (D:7)
  4 hounds
  4 orc priests
  2 gnoll boudas
  4 jellies
  4 sleepcaps
  3 iguanas
  6 orc wizards
  8 gnolls
  8 adders
  A shadow imp (D:7)
  3 white imps
  4 worms
  5 dart slugs
  22 orcs
  6 endoplasms
  6 giant cockroaches
  8 goblins
  10 hobgoblins
  7 jackals
  7 kobolds
  3 quokkas
  4 ball pythons
  A bat (D:2)
  3 frilled lizards (D:2)
  7 rats
161 creatures vanquished.

Vanquished Creatures (collateral kills)
  A foxfire (D:7)
1 creature vanquished.

Vanquished Creatures (others)
  284 foxfires
284 creatures vanquished.

Grand Total: 446 creatures vanquished

Notes
Turn   | Place    | Note
-------+----------+-------------------------------------------
     0 | D:1      | jtron the Gnoll Wanderer began the quest for the Orb.
     0 | D:1      | jtron set off with the following items: a +0 club, a scroll
                  | of blinking, a +0 robe, a +0 cloak; and the following spell
                  | memorised: Foxfire; and the following spells available to
                  | memorise: Scorch, Wereblood, Passwall, Inner Flame.
     0 | D:1      | Reached XP level 1. HP: 17/17 MP: 6/6
   101 | D:1      | Found a faded altar of an unknown god.
   148 | D:1      | Reached XP level 2. HP: 23/23 MP: 3/7
   400 | D:1      | Reached skill level 5 in Spellcasting
   400 | D:1      | Reached XP level 3. HP: 28/28 MP: 7/9
   494 | D:1      | Reached skill level 1 in Invocations
   721 | D:1      | Learned a level 2 spell: Scorch
   724 | D:1      | Learned a level 2 spell: Wereblood
   769 | D:2      | Reached skill level 1 in Short Blades
   769 | D:2      | Reached skill level 1 in Long Blades
   769 | D:2      | Reached skill level 1 in Axes
   769 | D:2      | Reached skill level 1 in Maces & Flails
   769 | D:2      | Reached skill level 1 in Polearms
   769 | D:2      | Reached skill level 1 in Staves
   769 | D:2      | Reached skill level 1 in Ranged Weapons
   769 | D:2      | Reached skill level 1 in Throwing
   769 | D:2      | Reached skill level 1 in Armour
   769 | D:2      | Reached skill level 1 in Dodging
   769 | D:2      | Reached skill level 1 in Shields
   769 | D:2      | Reached skill level 1 in Unarmed Combat
   913 | D:2      | Reached XP level 4. HP: 28/34 MP: 11/11
  1034 | D:2      | Reached skill level 1 in Conjurations
  1034 | D:2      | Reached skill level 1 in Hexes
  1034 | D:2      | Reached skill level 1 in Summonings
  1034 | D:2      | Reached skill level 1 in Necromancy
  1034 | D:2      | Reached skill level 1 in Translocations
  1034 | D:2      | Reached skill level 1 in Ice Magic
  1034 | D:2      | Reached skill level 1 in Air Magic
  1034 | D:2      | Reached skill level 1 in Earth Magic
  1034 | D:2      | Reached skill level 1 in Poison Magic
  1753 | D:3      | Found a white marble altar of Elyvilon.
  1906 | D:3      | Reached XP level 5. HP: 40/40 MP: 10/12
  1930 | D:3      | Noticed Grinder
  2207 | D:3      | Paralysed by Grinder for 4 turns
  2216 | D:3      | Killed Grinder
  2217 | D:3      | Reached XP level 6. HP: 13/47 MP: 3/14
  2454 | D:3      | Found a stormy altar of Qazlal.
  2540 | D:3      | Found a broken altar of Ashenzari.
  2687 | D:3      | Noticed Pargi
  2702 | D:3      | Killed Pargi
  2961 | D:4      | Reached XP level 7. HP: 52/52 MP: 8/15
  2968 | D:4      | Learned a level 2 spell: Passwall
  3304 | D:4      | Found Doippaus's Neck Hole.
  3564 | D:4      | Reached skill level 5 in Stealth
  3890 | D:5      | Entered Level 5 of the Dungeon
  4015 | D:5      | Noticed Menkaure
  4024 | D:5      | Killed Menkaure
  4030 | D:5      | Reached XP level 8. HP: 56/60 MP: 8/16
  4717 | D:5      | Found a radiant altar of Vehumet.
  4725 | D:5      | Became a worshipper of Vehumet
  4848 | D:6      | Found a shimmering blue altar of Sif Muna.
  4947 | D:6      | Noticed Maggie
  4967 | D:6      | Killed Maggie
  4968 | D:6      | Reached XP level 9. HP: 39/66 MP: 16/18
  5586 | D:6      | Reached skill level 5 in Fighting
  5586 | D:6      | Reached skill level 5 in Evocations
  5751 | D:6      | Reached * piety under Vehumet
  5751 | D:6      | Offered knowledge of Freeze by Vehumet.
  5757 | D:6      | Learned a level 1 spell: Freeze
  6147 | D:7      | Noticed Joseph
  6163 | D:7      | Killed Joseph
  6164 | D:7      | Reached skill level 5 in Invocations
  6234 | D:7      | Found an opulent altar of Gozag.
  6412 | D:7      | Found a runed translucent door.
  6413 | D:7      | Noticed SecretSquirrel's ghost (novice MiHu)
  6414 | D:7      | Noticed a brown ugly thing
  6552 | D:7      | Found a blossoming altar of Fedhas.
  6607 | D:7      | Noticed Pikel
  6620 | D:7      | Killed Pikel
  6621 | D:7      | Reached skill level 5 in Short Blades
  6621 | D:7      | Reached skill level 5 in Long Blades
  6621 | D:7      | Reached skill level 5 in Axes
  6621 | D:7      | Reached skill level 5 in Maces & Flails
  6621 | D:7      | Reached skill level 5 in Polearms
  6621 | D:7      | Reached skill level 5 in Staves
  6621 | D:7      | Reached skill level 5 in Ranged Weapons
  6621 | D:7      | Reached skill level 5 in Throwing
  6621 | D:7      | Reached skill level 5 in Armour
  6621 | D:7      | Reached skill level 5 in Dodging
  6621 | D:7      | Reached skill level 5 in Shields
  6621 | D:7      | Reached skill level 5 in Unarmed Combat
  6621 | D:7      | Reached XP level 10. HP: 67/76 MP: 16/20
  6651 | D:7      | Slain by an ogre

Illustrated notes

Levels and vault maps discovered:
D:1:      nagdon_arrival_double_spiral, layout_rooms,
          shapermc_ecumenical_altar_venn
D:2:      layout_basic, nicolae_titane
D:3:      layout_basic, mainiacjoe_overflow_alcove_2,
          mainiacjoe_overflow_alcove_4, lemuel_round_altar, uniq_grinder,
          uniq_pargi
D:4:      layout_cave_pods, nicolae_shop_sticking_my_neck_out
D:5:      layout_rooms, lemuel_coloured_pillars_altar, uniq_menkaure
D:6:      layout_rooms, mainiacjoe_overflow_chevrons, dk_rats_in_the_wall,
          uniq_maggie
D:7:      layout_loops_cross, fedhas_altar_3, grunt_gozag_breadcrumbs,
          minmay_temple_entry_tees, ebering_ghost_inner_flame,
          hangedman_decor_push, uniq_joseph, uniq_pikel

Skill      XL: |  1  2  3  4  5  6  7  8  9 10 |
---------------+-------------------------------+-----
Transmutations | 2 3 4 |  4.8
Spellcasting   | 5 6 7 |  7.2
Invocations    | 1 2 3 4 5 |  5.6
Short Blades   | 1 2 3 5 |  5.1
Long Blades    | 1 2 3 5 |  5.1
Axes           | 1 2 3 5 |  5.1
Maces & Flails | 1 2 3 5 |  5.1
Polearms       | 1 2 3 5 |  5.1
Staves         | 1 2 3 5 |  5.1
Ranged Weapons | 1 2 3 5 |  5.1
Throwing       | 1 2 3 5 |  5.1
Armour         | 1 2 3 5 |  5.1
Dodging        | 1 2 3 5 |  5.1
Shields        | 1 2 3 5 |  5.1
Unarmed Combat | 1 2 3 5 |  5.1
Conjurations   | 1 2 3 4 |  4.2
Hexes          | 1 2 3 4 |  4.2
Summonings     | 1 2 3 4 |  4.2
Necromancy     | 1 2 3 4 |  4.2
Translocations | 1 2 3 4 |  4.2
Ice Magic      | 1 2 3 4 |  4.2
Air Magic      | 1 2 3 4 |  4.2
Earth Magic    | 1 2 3 4 |  4.2
Poison Magic   | 1 2 3 4 |  4.2
Fighting       | 3 4 5 |  5.8
Evocations     | 3 4 5 |  5.8
Stealth        | 5 6 |  6.7
Fire Magic     | 6 7 |  7.0

Action                     |  1- 3 |  4- 6 |  7- 9 | 10-12 || total
---------------------------+-------+-------+-------+-------++-------
  Melee: Club              |    14 |       |       |       ||    14
         Dagger            |    52 |    46 |   145 |     8 ||   251
         Bite              |     6 |     5 |    25 |     1 ||    37
         Punch             |       |       |     2 |     1 ||     3
  Throw: Javelin           |       |       |     6 |       ||     6
   Cast: Foxfire           |    19 |    42 |   101 |     8 ||   170
         Wereblood         |     1 |     2 |       |       ||     3
         Scorch            |       |     8 |    91 |     4 ||   103
         Passwall          |       |       |     1 |       ||     1
  Evoke: Wand              |       |       |     6 |     1 ||     7
    Use: Scroll            |       |    11 |    11 |       ||    22
         Potion            |       |       |     3 |       ||     3
   Stab: Sleeping          |     4 |     3 |     2 |       ||     9
 Armour: Robe              |    16 |    14 |       |       ||    30
         Troll leather arm |       |     1 |   101 |    12 ||   114
  Dodge: Dodged            |    29 |    40 |   145 |    12 ||   226
